 Dungeon Crawl Stone Soup version 0.29-a0-512-gf59ac788ac (webtiles) character file.

Game seed: 10059514385685241720

198458 dolemite99 the Severer (level 17, 0/152 HPs)
             Began as a Minotaur Artificer on May 29, 2022.
             Was the Champion of Nemelex Xobeh.
             Slain by an 11-headed hydra (5 damage)
             ... on level 6 of the Lair of Beasts.
             The game lasted 01:15:07 (48172 turns).

dolemite99 the Severer (Minotaur Artificer)        Turns: 48172, Time: 01:15:08

Health: 0/152      AC: 29    Str: 19 (23) XL:     17   Next: 81%
Magic:  0/27       EV:  6    Int:  6 (9)  God:    Nemelex Xobeh [******]
Gold:   543        SH: 11    Dex: 12 (13) Spells: 11/16 levels left

rFire   + . .      SeeInvis +   b - +2 broad axe (flame)
rCold   + . .      Faith    .   O - +1 kite shield {rF+}
rNeg    . . .      Spirit   +   E - +6 plate armour of Usurgh {Int+4}
rPois   +          Reflect  .   Q - +1 hat of Morality {rC+ Int-3 Slay+2}
rElec   .          Harm     .   r - +1 cloak
rCorr   .          Rampage  .   (no gloves)
Will    +....                   w - +2 pair of boots
Stlth   ..........              u - amulet of guardian spirit
HPRegen 0.35/turn               L - ring of see invisible
MPRegen 0.20/turn               Z - ring of poison resistance

@: about to teleport
A: horns 2, retaliatory headbutt
}: 1/15 runes: gossamer
a: Renounce Religion, Draw Escape, Draw Destruction, Draw Summoning, Triple
Draw, Deal Four, Stack Five


You were on level 6 of the Lair of Beasts.
You worshipped Nemelex Xobeh.
Nemelex Xobeh was exalted by your worship.
You visited 6 branches of the dungeon, and saw 31 of its levels.
You also visited: Sewer.

You collected 2962 gold pieces.
You spent 2419 gold pieces at shops.

Inventory:

Hand Weapons
 a - a +8 vorpal broad axe
 b - a +2 broad axe of flaming (weapon)
Missiles
 f - 6 curare-tipped darts
 h - 4 boomerangs of dispersal
 t - 38 poisoned darts
 v - 2 boomerangs
 D - 10 javelins
 R - 5 atropa-tipped darts
 X - a throwing net
 Y - a silver boomerang
Armour
 r - a +1 cloak (worn)
 w - a +2 pair of boots (worn)
 E - the +6 plate armour of Usurgh (worn) {Int+4}
   (You found it on level 5 of the Dungeon)

   Int:       It affects your intelligence (+4).
 N - a scarf of invisibility
 O - a +1 kite shield of fire resistance (worn)
 Q - the +1 hat of Morality (worn) {rC+ Int-3 Slay+2}
   (You found it on level 4 of the Spider Nest)

   Int:       It affects your intelligence (-3).
   Slay:      It affects your accuracy & damage with ranged weapons and melee
   (+2).
   rC:        It protects you from cold.
Magical Staves
 y - a staff of poison
 T - a staff of air
Jewellery
 c - a +4 ring of protection
 e - a ring of protection from fire
 i - a ring of wizardry
 q - a ring of fire
 u - an amulet of guardian spirit (around neck)
 H - a ring of protection from fire
 L - a ring of see invisible (left hand)
 Z - a ring of poison resistance (right hand)
Wands
 d - a wand of iceblast (14) (quivered)
 x - a wand of digging (14)
Scrolls
 g - a scroll of enchant armour
 k - 9 scrolls of identify {@r1}
 m - 6 scrolls of blinking
 n - 15 scrolls of teleportation
 p - 3 scrolls of fog
 I - 2 scrolls of silence
 J - 3 scrolls of vulnerability
Potions
 j - a potion of resistance
 l - 14 potions of attraction
 o - 7 potions of curing
 s - 3 potions of heal wounds
 z - 4 potions of cancellation
 A - 6 potions of lignification
 B - 4 potions of might
 C - 3 potions of haste
 F - 7 potions of magic
 G - 5 potions of mutation
 K - a potion of brilliance
 P - a potion of berserk rage
 S - 6 potions of ambrosia
Miscellaneous
 M - a lightning rod (4/4)
 U - a phial of floods (inert)


   Skills:
 + Level 14.2 Fighting
 - Level 16.2(17.0) Axes
 - Level 8.4(13.3) Polearms
 - Level 13.9 Throwing
 + Level 13.9 Armour
 - Level 1.1 Dodging
 - Level 0.7 Stealth
 - Level 9.0 Shields
 + Level 15.2 Invocations
 - Level 11.4 Evocations


You had 11 spell levels left.
You knew the following spells:

 Your Spells              Type           Power      Damage    Failure   Level
a - Apportation           Tloc           0%         N/A       100%        1
b - Blink                 Tloc           0%         N/A       100%        2
c - Passwall              Tmut/Erth      0%         N/A       100%        2

Your spell library contained the following spells:

 Spells                   Type           Power      Damage    Failure   Level
 Freeze                   Ice            0%         1d3       100%        1
 Necrotize                Necr           0%         1d4       100%        1
 Sandblast                Erth           0%         2d4       100%        1
 Summon Small Mammal      Summ           0%         N/A       100%        1
 Ensorcelled Hibernation  Hex/Ice        0%         N/A       100%        2
 Call Canine Familiar     Summ           0%         N/A       100%        3
 Frozen Ramparts          Ice            0%         1d2       100%        3
 Gell's Gravitas          Tloc           0%         N/A       100%        3
 Ignite Poison            Fire/Tmut/Pois 0%         N/A       100%        3
 Lesser Beckoning         Tloc           0%         N/A       100%        3
 Mephitic Cloud           Conj/Pois/Air  0%         N/A       100%        3
 Portal Projectile        Hex/Tloc       0%         N/A       100%        3
 Spider Form              Tmut/Pois      0%         N/A       100%        3
 Stone Arrow              Conj/Erth      0%         3d7       100%        3
 Summon Guardian Golem    Hex/Summ       0%         N/A       100%        3
 Teleport Other           Tloc           0%         N/A       100%        3
 Anguish                  Hex/Necr       0%         N/A       100%        4
 Hailstorm                Conj/Ice       0%         3d3       100%        4
 Leda's Liquefaction      Hex/Erth       0%         N/A       100%        4
 Blade Hands              Tmut           0%         N/A       100%        5
 Freezing Cloud           Conj/Ice/Air   0%         6-21      100%        5
 Irradiate                Conj/Tmut      0%         3d13      100%        5
 Manifold Assault         Tloc           0%         N/A       100%        5
 Summon Forest            Summ/Tloc      0%         N/A       100%        5
 Dispersal                Tloc           0%         N/A       100%        6
 Eringya's Noxious Bog    Tmut/Pois      0%         N/A       100%        6
 Dragon Form              Tmut           0%         N/A       100%        7
 Storm Form               Tmut/Air       0%         N/A       100%        7
 Summon Hydra             Summ           0%         N/A       100%        7


Dungeon Overview and Level Annotations

Branches:
Dungeon (15/15)            Temple (1/1) D:7            Lair (6/6) D:9
 Shoals (3/4) Lair:3       Spider (4/4) Lair:4        Slime (0/5) Lair:5
    Orc (2/2) D:12            Elf (0/3) Orc:2        Vaults (0/5) D:13
 Depths (0/4) D:15          Sewer (visited)

Altars:
Ashenzari
Cheibriados
Dithmenos
Elyvilon
Fedhas
Gozag
Hepliaklqana
Kikubaaqudgha
Makhleb
Nemelex Xobeh
Okawaru
Qazlal
Ru
Sif Muna
Trog
Uskayaw
Vehumet
Wu Jian
Xom
Yredelemnul
Zin
The Shining One
Beogh
Jiyva

Shops:
D:2 ?   D:5 *   D:11 (   Orc:2 *(!(:[(   Shoals:1 (*?**   Shoals:2 =

Annotations:
D:14 1 runed translucent door, Taurus's ghost, journeyman MiFi
Lair:2 kyalle's ghost, journeyman MiFi
Lair:6 frimble's ghost, journeyman GnWr
Shoals:2 2 transporters, Kubbetwogg's ghost, journeyman FeEn


Innate Abilities, Weirdness & Mutations

You have a pair of horns on your head.
You reflexively headbutt those who attack you in melee.


Message History

You are too injured to fight recklessly!
You are too injured to fight recklessly!
You are too injured to fight recklessly!
As you read the scroll of teleportation, it crumbles to dust.
You feel strangely unstable.
The ten-headed hydra bites you but does no damage. x2
The ten-headed hydra bites you. The ten-headed hydra barely misses you.
You block the ten-headed hydra's attack.
The ten-headed hydra bites you but does no damage.
You block the ten-headed hydra's attack.
The ten-headed hydra bites you but does no damage.
The ten-headed hydra bites you!
The ten-headed hydra bites you but does no damage.
The 11-headed hydra bites you but does no damage. x2
The 11-headed hydra barely misses you.
The 11-headed hydra bites you but does no damage.
The 11-headed hydra bites you! The 11-headed hydra barely misses you.
The 11-headed hydra bites you. The 11-headed hydra bites you!
* * * LOW HITPOINT WARNING * * *
The 11-headed hydra bites you but does no damage. x2
The 11-headed hydra bites you!
* * * LOW HITPOINT WARNING * * *
Frimble's ghost gestures wildly while chanting.
Frimble's ghost blinks!
The 11-headed hydra attacks as you move away!
The 11-headed hydra bites you!
* * * LOW HITPOINT WARNING * * *
You block the 11-headed hydra's attack.
The 11-headed hydra bites you but does no damage. x6
The 11-headed hydra bites you!
* * * LOW HITPOINT WARNING * * *
The 11-headed hydra bites you but does no damage. x2
The 11-headed hydra attacks as you move away!
The 11-headed hydra bites you but does no damage.
You block the 11-headed hydra's attack. The 11-headed hydra bites you!
* * * LOW HITPOINT WARNING * * *
The 11-headed hydra bites you but does no damage. x2
The 11-headed hydra bites you!
You die...
Your body glows with a rainbow of weird colours and disappears.

...............##............#...
.......##......##............#...
........#......##....#..#...#.#..
..#.....##....#.#...#...#######.#
##......###..#.##........##...#.#
##......#......#.................
###................#####.........
..................##♣.≈##........
................@D#..!.≈##.......
..........W......D'.....♣#.......
..................'..)..♣#.......
..................'....:♣#.......
..................#.$..≈##.<.....
..................##♣♣[##........
...................#####.........
.................................
......###..###.###..###..........


You could see a 11-headed hydra, a ten-headed hydra and frimble's ghost.

Vanquished Creatures
  Mlioglotl (Spider:1)
  Jorgrun (D:15)
  A storm dragon (Orc:1)
  Louise (D:14)
  5 ghost moths
  4 emperor scorpions
  2 broodmothers
  Nessos (Lair:4)
  4 entropy weavers
  4 spark wasps (Spider:4)
  A dire elephant (Lair:6)
  2 merfolk javelineers (Shoals:2)
  An ice dragon (Shoals:3)
  2 merfolk impalers
  A great orb of eyes (D:13)
  5 boulder beetles
  3 hydras
  A jorogumo (Spider:4)
  An alligator snapping turtle (Shoals:1)
  2 merfolk aquamancers
  9 centaur warriors
  3 radroaches
  2 alligators
  7 two-headed ogres
  9 death yaks
  3 satyrs
  3 merfolk avatars
  A tengu warrior (D:13)
  An orc high priest (Orc:2)
  3 skeletal warriors (D:13)
  7 sea snakes
  6 pharaoh ants
  8 orb spiders
  A necromancer (D:15)
  A harpy (shapeshifter) (D:14)
  2 steelbarb worms
  A deep elf zephyrmancer (D:15)
  4 harpies
  A wolf spider zombie (D:15)
  4 wizards
  10 ugly things
  5 deep elf pyromancers
  An orc knight (Orc:2)
  9 manticores
  2 orc sorcerers
  19 wolf spiders
  9 fauns
  A moth of wrath (Spider:3)
  11 elephants
  6 cyclopes
  An elephant (shapeshifter) (D:13)
  A black mamba (shapeshifter) (D:14)
  Joseph (D:7)
  4 water nymphs
  A merfolk siren (Shoals:3)
  A black mamba (Lair:6)
  4 torpor snails
  2 gargoyles (D:13)
  A guardian serpent (shapeshifter) (D:13)
  9 cane toads
  3 unseen horrors
  7 demonic crawlers
  5 rime drakes
  A freezing wraith (D:13)
  A redback zombie (D:15)
  7 komodo dragons
  A rime drake (shapeshifter) (D:13)
  A queen bee (shapeshifter) (D:13)
  A meliai (shapeshifter) (D:14)
  2 polar bears
  6 trolls
  7 merfolk
  6 wind drakes
  7 hornets
  26 tarantellas
  14 blink frogs
  8 dream sheep
  22 jumping spiders
  6 snapping turtles
  6 slime creatures
  A shadow (D:9)
  8 wyverns
  23 culicivoras
  7 water elementals (Shoals:2)
  36 yaks
  5 centaur simulacra
  6 wraiths
  2 steam dragons (Shoals:2)
  A redback (shapeshifter) (D:13)
  4 vampire mosquitoes
  10 basilisks
  55 redbacks
  3 wargs
  3 acid dragons
  15 water moccasins
  A floating eye (shapeshifter) (D:15)
  4 ice beasts
  A swamp drake (Orc:1)
  2 sky beasts
  17 orc warriors
  3 black bears
  7 ogres
  11 wolves
  9 centaurs
  3 kobold brigands
  Blork the orc (D:6)
  A necrophage (D:6)
  11 bullfrogs
  A gnoll sergeant (D:13)
  6 scorpions
  11 howler monkeys
  3 electric eels
  3 hounds
  13 orc priests
  A gnoll shaman (D:4)
  4 jellies
  4 iguanas
  23 orc wizards
  12 gnolls
  2 river rats
  5 adders
  3 white imps
  4 ufetubi
  4 worms
  3 dart slugs
  60 orcs
  12 endoplasms
  5 giant cockroaches
  7 goblins
  7 hobgoblins
  3 jackals (D:1)
  2 quokkas
  14 ball pythons
  5 bats
  4 frilled lizards
  10 kobolds
  14 rats
849 creatures vanquished.

Vanquished Creatures (collateral kills)
  An orc warlord (Orc:2)
  An entropy weaver (Spider:4)
  Josephine (Orc:2)
  A hydra (Lair:6)
  A radroach (Spider:2)
  2 boulder beetles (D:9)
  3 death yaks
  A tengu warrior (D:15)
  An orc high priest (Orc:2)
  A cherub (Spider:2)
  A sea snake (Shoals:2)
  An orb spider (Spider:4)
  3 wolf spiders (Spider:2)
  2 fauns
  2 orc knights (Orc:2)
  4 ugly things
  4 orc sorcerers (Orc:2)
  A guardian serpent (shapeshifter) (Shoals:2)
  2 gargoyles
  4 cane toads
  A torpor snail (Spider:2)
  A yaktaur (D:15)
  A tengu conjurer (D:15)
  4 trolls
  2 tarantellas
  A hornet (Spider:4)
  2 blink frogs (Lair:5)
  A snapping turtle (Shoals:2)
  3 jumping spiders
  5 wraiths
  2 culicivoras
  6 yaks
  A basilisk (Lair:2)
  3 redbacks (Spider:4)
  A vampire mosquito (D:13)
  2 wargs (Orc:2)
  A water moccasin (Lair:5)
  11 orc warriors
  A howler monkey (D:12)
  5 orc priests
  4 orc wizards
  7 orcs
102 creatures vanquished.

Vanquished Creatures (others)
  A two-headed ogre (D:13)
  An orc knight (D:13)
  A black mamba (Lair:6)
  A tengu conjurer (D:13)
  A yak (Lair:6)
  A redback (Spider:2)
  A phantom (D:5)
  2 orc wizards
  29 fungi
  123 plants
  5 toadstools (D:4)
166 creatures vanquished.

Grand Total: 1117 creatures vanquished

Notes
Turn   | Place    | Note
-------+----------+-------------------------------------------
     0 | D:1      | dolemite99 the Minotaur Artificer began the quest for the
                  | Orb.
     0 | D:1      | Reached XP level 1. HP: 16/16 MP: 0/0
   220 | D:1      | Reached XP level 2. HP: 17/23 MP: 1/1
   993 | D:1      | Reached XP level 3. HP: 28/28 MP: 2/2
  1301 | D:2      | Found Xewiacu's Magic Scroll Emporium.
  1307 | D:2      | Bought a scroll of teleportation for 39 gold pieces
  1416 | D:2      | Reached XP level 4. HP: 31/35 MP: 3/3
  1848 | D:2      | Reached skill level 1 in Polearms
  1891 | D:2      | Found a faded altar of an unknown god.
  1950 | D:2      | Prayed at the altar of an unknown god.
  1950 | D:2      | Became a worshipper of Nemelex Xobeh the Trickster
  1950 | D:2      | Reached * piety under Nemelex Xobeh
  2074 | D:3      | Received a gift from Nemelex Xobeh
  2175 | D:3      | Found a glowing silver altar of Zin.
  2178 | D:3      | Found a sparkling altar of Nemelex Xobeh.
  2183 | D:3      | Found a stormy altar of Qazlal.
  2487 | D:3      | Found a radiant altar of Vehumet.
  3185 | D:4      | Noticed a scorpion
  3189 | D:4      | Killed a scorpion
  3190 | D:4      | Reached XP level 5. HP: 26/40 MP: 4/4
  3762 | D:4      | Reached skill level 5 in Polearms
  3803 | D:4      | Reached ** piety under Nemelex Xobeh
  3834 | D:4      | Reached XP level 6. HP: 35/47 MP: 5/5
  4084 | D:4      | Reached skill level 1 in Invocations
  4337 | D:5      | Entered Level 5 of the Dungeon
  4551 | D:5      | Found Caliufuh's General Store.
  4555 | D:5      | Identified the +6 plate armour of Usurgh {Int+4}
  5037 | D:5      | Bought a scroll of enchant weapon for 97 gold pieces
  5037 | D:5      | Bought a +0 cloak for 58 gold pieces
  5228 | D:5      | Received a gift from Nemelex Xobeh
  5406 | D:5      | Reached XP level 7. HP: 50/52 MP: 8/8
  5693 | D:6      | Identified a scroll of acquirement
  5693 | D:6      | Acquired 243 gold pieces
  5769 | D:2      | Bought a scroll of fear for 45 gold pieces
  5769 | D:2      | Bought a scroll of fear for 45 gold pieces
  5769 | D:2      | Bought a scroll of blinking for 97 gold pieces
  5769 | D:2      | Bought a scroll of enchant weapon for 97 gold pieces
  5769 | D:2      | Bought a scroll of teleportation for 39 gold pieces
  5769 | D:2      | Bought a scroll of teleportation for 39 gold pieces
  5847 | D:6      | Reached skill level 5 in Invocations
  6099 | D:6      | Noticed Blork the orc
  6099 | D:6      | Noticed a wyvern
  6102 | D:6      | Killed Blork the orc
  6103 | D:6      | Killed a wyvern
  6104 | D:6      | Reached XP level 8. HP: 66/66 MP: 10/10
  6280 | D:6      | Found a glowing drain.
  6294 | Sewer    | Entered a sewer
  6587 | Sewer    | Found a viscous altar of Jiyva.
  6991 | D:6      | Reached skill level 5 in Evocations
  7474 | D:7      | Found a sacrificial altar of Ru.
  7493 | D:7      | Reached *** piety under Nemelex Xobeh
  7521 | D:7      | Received a gift from Nemelex Xobeh
  7580 | D:7      | Reached XP level 9. HP: 72/72 MP: 12/12
  7630 | D:7      | Found a staircase to the Ecumenical Temple.
  7749 | Temple   | Entered the Ecumenical Temple
  7973 | D:7      | Received a gift from Nemelex Xobeh
  8220 | D:7      | Noticed Joseph
  8254 | D:7      | Killed Joseph
  9160 | D:8      | Reached skill level 2 in Axes
  9164 | D:8      | Reached skill level 3 in Axes
  9167 | D:8      | Reached skill level 4 in Axes
  9169 | D:8      | Reached skill level 5 in Axes
  9402 | D:8      | Received a gift from Nemelex Xobeh
  9468 | D:8      | Reached skill level 6 in Axes
  9751 | D:10     | Entered Level 10 of the Dungeon
  9949 | D:9      | Reached XP level 10. HP: 80/80 MP: 14/14
  9957 | D:9      | Reached skill level 7 in Axes
 10149 | D:9      | Found a staircase to the Lair.
 10257 | D:9      | Reached **** piety under Nemelex Xobeh
 10273 | D:9      | Noticed a deep elf pyromancer
 10274 | D:9      | Noticed a boulder beetle
 10276 | D:9      | Killed a deep elf pyromancer
 10311 | D:9      | Killed a boulder beetle
 10728 | D:9      | Noticed a two-headed ogre
 10742 | D:9      | Killed a two-headed ogre
 10743 | D:9      | Reached skill level 8 in Axes
 10804 | D:9      | Noticed a boulder beetle
 11178 | D:9      | Received a gift from Nemelex Xobeh
 11264 | D:9      | Found a stormy altar of Qazlal.
 11421 | D:9      | Found a blossoming altar of Fedhas.
 11801 | D:10     | Noticed a gargoyle
 11813 | D:10     | Killed a gargoyle
 11814 | D:10     | Reached skill level 9 in Axes
 12313 | D:10     | Received a gift from Nemelex Xobeh
 12371 | D:10     | Reached XP level 11. HP: 80/85 MP: 16/16
 12371 | D:10     | Noticed a two-headed ogre
 12407 | D:10     | Killed a two-headed ogre
 12807 | D:11     | You fall into a shaft and drop 1 floor!
 12915 | D:12     | Noticed a seven-headed hydra
 12917 | D:12     | Noticed an alligator
 12917 | D:12     | a seven-headed hydra changed into an alligator
 12920 | D:12     | Killed an alligator
 12943 | D:11     | Reached skill level 10 in Axes
 13253 | D:11     | Received a gift from Nemelex Xobeh
 13655 | D:11     | Reached ***** piety under Nemelex Xobeh
 13861 | D:9      | Killed a boulder beetle
 13929 | Lair:1   | Entered Level 1 of the Lair of Beasts
 14136 | Lair:1   | Reached skill level 10 in Invocations
 14842 | Lair:2   | Noticed a death yak
 14851 | Lair:2   | Reached skill level 11 in Axes
 14857 | Lair:2   | Killed a death yak
 14885 | Lair:2   | Noticed a steelbarb worm
 14885 | Lair:2   | a torpor snail changed into a steelbarb worm
 14887 | Lair:2   | Noticed a harpy
 14887 | Lair:2   | a steelbarb worm changed into a harpy
 14893 | Lair:2   | Killed a harpy
 14994 | Lair:2   | Noticed a seven-headed hydra
 15115 | Lair:2   | Found a runed translucent door.
 15177 | Lair:2   | Reached XP level 12. HP: 92/92 MP: 18/18
 15290 | Lair:2   | Noticed kyalle's ghost (journeyman MiFi)
 16229 | Lair:3   | Noticed a seven-headed hydra
 16233 | Lair:2   | Banished a seven-headed hydra
 16584 | Lair:3   | Found a staircase to the Shoals.
 16719 | Lair:3   | Received a gift from Nemelex Xobeh
 16778 | Lair:3   | Noticed a death yak
 16778 | Lair:3   | Noticed a death yak
 16778 | Lair:3   | Noticed a death yak
 16780 | Lair:3   | Noticed a death yak
 16822 | Lair:3   | Killed a death yak
 16823 | Lair:3   | Reached skill level 12 in Axes
 16823 | Lair:3   | Reached skill level 10 in Evocations
 16828 | Lair:3   | Killed a death yak
 16835 | Lair:3   | Killed a death yak
 16836 | Lair:3   | Noticed a death yak
 16839 | Lair:3   | Killed a death yak
 16845 | Lair:3   | Killed a death yak
 17617 | Lair:3   | You fall into a shaft and drop 2 floors!
 17679 | Lair:4   | Noticed Nessos
 17683 | Lair:4   | Reached skill level 5 in Shields
 17692 | Lair:4   | Killed Nessos
 17803 | Lair:4   | Noticed a death yak
 17804 | Lair:4   | Noticed a death yak
 17804 | Lair:4   | Noticed a death yak
 17806 | Lair:4   | Killed a death yak
 17808 | Lair:4   | Killed a death yak
 17811 | Lair:4   | Killed a death yak
 17812 | Lair:4   | Reached skill level 5 in Fighting
 17893 | Lair:4   | Reached skill level 5 in Armour
 18080 | Lair:4   | Received a gift from Nemelex Xobeh
 18117 | Lair:4   | Reached XP level 13. HP: 90/101 MP: 18/20
 18524 | Lair:4   | Found a hole to the Spider Nest.
 19556 | Lair:5   | Received a gift from Nemelex Xobeh
 20111 | Lair:5   | Found a viscous altar of Jiyva.
 20111 | Lair:5   | Found a staircase to the Slime Pits.
 20518 | D:5      | Bought a +6 broad axe of electrocution for 546 gold pieces
 20701 | Lair:6   | Entered Level 6 of the Lair of Beasts
 20737 | Lair:6   | Found a runed translucent gate.
 20737 | Lair:6   | Found a runed translucent gate.
 20737 | Lair:6   | Found a runed translucent gate.
 20738 | Lair:6   | Noticed frimble's ghost (journeyman GnWr)
 20766 | Lair:6   | Received a gift from Nemelex Xobeh
 20906 | Lair:6   | Reached skill level 13 in Axes
 21188 | Lair:6   | Reached ****** piety under Nemelex Xobeh
 21417 | Lair:6   | Reached skill level 14 in Axes
 21598 | Lair:6   | Reached skill level 1 in Throwing
 22139 | Lair:6   | Reached skill level 5 in Throwing
 22444 | Lair:6   | Noticed a broodmother
 22444 | Lair:6   | a catoblepas changed into a broodmother
 22449 | Lair:6   | Killed a broodmother
 22532 | Lair:6   | Received a gift from Nemelex Xobeh
 22764 | Lair:6   | Noticed a dire elephant
 22771 | Lair:6   | Killed a dire elephant
 22772 | Lair:6   | Reached XP level 14. HP: 113/113 MP: 21/21
 23835 | D:11     | Found Pirarix's Antique Weapon Shoppe.
 24295 | D:12     | Received a gift from Nemelex Xobeh
 24627 | D:12     | Found a staircase to the Orcish Mines.
 24640 | D:12     | Received a gift from Nemelex Xobeh
 24691 | D:12     | Found a radiant altar of Vehumet.
 24861 | Orc:1    | Entered Level 1 of the Orcish Mines
 24871 | Orc:1    | Reached skill level 15 in Axes
 25033 | Orc:2    | Entered Level 2 of the Orcish Mines
 25033 | Orc:2    | Found a staircase to the Elven Halls.
 25380 | Orc:2    | Received a gift from Nemelex Xobeh
 25444 | Orc:2    | Noticed an orc warlord
 25454 | Orc:2    | Identified the +5 demon trident of the Past {drain, rN+}
 25454 | Orc:2    | Noticed Josephine
 25461 | Orc:2    | Killed an orc warlord
 25462 | Orc:2    | Killed Josephine
 25872 | Orc:1    | Noticed an orc warlord
 25875 | Orc:1    | Noticed a storm dragon
 25875 | Orc:1    | an orc warlord changed into a storm dragon
 25881 | Orc:1    | Killed a storm dragon
 26267 | Orc:2    | Found Mufim's Antique Armour Boutique.
 26314 | Orc:2    | Found Huwoina's Book Boutique.
 26330 | Orc:2    | Found Vadieji's General Store.
 26348 | Orc:2    | Found Pumow Demeom's Antique Weapon Boutique.
 26367 | Orc:2    | Found Jebiun's Distillery.
 26380 | Orc:2    | Found Umeaps's Weapon Emporium.
 26499 | Orc:2    | Found Giug's Antique Weapon Shoppe.
 26510 | Orc:2    | Bought a runed broad axe for 168 gold pieces
 26651 | Orc:2    | Bought a runed kite shield for 225 gold pieces
 26667 | Orc:2    | Bought a jewelled chain mail for 285 gold pieces
 26667 | Orc:2    | Identified the +7 chain mail of the Trilobite {rF+ Str-3
                  | Dex+2} (You bought it in a shop on level 2 of the Orcish
                  | Mines)
 26709 | Orc:2    | Bought a fine chain mail for 285 gold pieces
 26709 | Orc:2    | Identified the +1 chain mail of Indecent Exposure {Dex+4}
                  | (You bought it in a shop on level 2 of the Orcish Mines)
 27090 | D:13     | Reached skill level 16 in Axes
 27103 | D:13     | Reached skill level 10 in Fighting
 27177 | D:13     | Reached XP level 15. HP: 84/126 MP: 18/23
 27970 | D:13     | Identified the +1 broad axe "Doani" {vorpal, Dex+3}
 27970 | D:13     | Identified the +8 triple crossbow "Qinnubuaf" {freeze,
                  | +Blink rCorr}
 28047 | D:13     | Received a gift from Nemelex Xobeh
 28125 | D:13     | Found a gate to the Vaults.
 28867 | D:13     | Received a gift from Nemelex Xobeh
 28874 | D:13     | Found a glowing silver altar of Zin.
 28993 | D:14     | Noticed Louise
 28997 | D:14     | Killed Louise
 29067 | D:14     | Reached skill level 10 in Throwing
 30026 | D:14     | Found a runed translucent door.
 30028 | D:14     | Noticed Taurus's ghost (journeyman MiFi)
 30432 | D:15     | Entered Level 15 of the Dungeon
 30432 | D:15     | Received a gift from Nemelex Xobeh
 30650 | D:15     | Found a broken altar of Ashenzari.
 30961 | D:15     | Found a staircase to the Depths.
 31115 | D:15     | Noticed Jorgrun
 31121 | D:15     | Killed Jorgrun
 31176 | D:15     | Received a gift from Nemelex Xobeh
 31576 | Shoals:1 | Entered Level 1 of the Shoals
 31619 | Shoals:1 | Learned a level 1 spell: Apportation
 31622 | Shoals:1 | Learned a level 2 spell: Blink
 31625 | Shoals:1 | Learned a level 2 spell: Passwall
 31793 | Shoals:1 | Found Vithes's Assorted Antiques.
 31910 | Shoals:1 | Bought a sapphire ring for 150 gold pieces
 31913 | Shoals:1 | Bought a small onyx ring for 150 gold pieces
 31917 | Shoals:1 | Found Jeliyjiv's Magic Scroll Emporium.
 31934 | Shoals:1 | Found Omepot's Assorted Antiques.
 32206 | Shoals:1 | Found Gisuinol's Weapon Shop.
 32885 | Shoals:1 | Bought 6 curare-tipped darts for 54 gold pieces
 32955 | Shoals:1 | Received a gift from Nemelex Xobeh
 33095 | Shoals:1 | Reached XP level 16. HP: 81/136 MP: 17/24
 33330 | Shoals:1 | Found Suekhoun's Assorted Antiques.
 33561 | Shoals:2 | Found Nurorerph's Jewellery Shoppe.
 34057 | Shoals:2 | Received a gift from Nemelex Xobeh
 34630 | Shoals:2 | Found a transporter.
 34635 | Shoals:2 | Noticed Kubbetwogg's ghost (journeyman FeEn)
 35251 | Spider:1 | Entered Level 1 of the Spider Nest
 36858 | Spider:1 | Reached skill level 10 in Armour
 37407 | Shoals:2 | Identified the +2 glaive "Raimav" {distort, rElec Int+4}
 37785 | Shoals:2 | Found a transporter.
 37789 | Shoals:2 | Found a bloodstained altar of Trog.
 37850 | Shoals:2 | Received a gift from Nemelex Xobeh
 38735 | Shoals:3 | Received a gift from Nemelex Xobeh
 39310 | Shoals:3 | Received a gift from Nemelex Xobeh
 39848 | Spider:1 | Noticed Mlioglotl
 39864 | Spider:1 | Killed Mlioglotl
 40201 | Spider:1 | Received a gift from Nemelex Xobeh
 40822 | Spider:2 | Reached XP level 17. HP: 119/146 MP: 23/26
 41196 | Spider:2 | Received a gift from Nemelex Xobeh
 42417 | Spider:3 | Received a gift from Nemelex Xobeh
 43012 | Spider:4 | Entered Level 4 of the Spider Nest
 44467 | Spider:4 | Received a gift from Nemelex Xobeh
 44599 | Spider:4 | Reached skill level 15 in Invocations
 47710 | Spider:4 | Got a gossamer rune of Zot
 47728 | Spider:4 | Identified the +1 hat of Morality {rC+ Int-3 Slay+2}
 48172 | Lair:6   | HP: 5/152 [11-headed hydra (10)]
 48172 | Lair:6   | Slain by an 11-headed hydra

Illustrated notes

Levels and vault maps discovered:
D:1:      erik_arrival_orb_chamber, layout_loops_ring
D:2:      layout_rooms, ebering_ecumenical_altar_rust, serial_shops,
          nicolae_shop_trees, kennysheep_generic_room_16
D:3:      layout_basic, grunt_temple_overflow_cloverleaf
D:4:      layout_loops_cross, minmay_liquid_box, minmay_gold_behind_fungi
D:5:      layout_gridville, serial_shops, shop
D:6:      nicolae_cairo_tiling_very_big, layout_rooms, portal_sewer_entry_a,
          uniq_blork_the_orc
D:7:      layout_layer_cave, hangedman_ru_absence, temple_pool_b, uniq_joseph
D:8:      layout_rooms
D:9:      layout_loops_ring, fedhas_bush_and_centaur_altar, david_lair_shrubbed,
          minmay_ruined_shrine
D:10:     layout_basic
D:11:     layout_irregular_city, serial_shops, kennysheep_little_box,
          serial_ice, serial_ice_n, serial_ice_e, serial_ice_a, serial_ice_d,
          serial_ice_b, minmay_unpleasant_kobolds
D:12:     layout_loops_ring, orc_0_dummy, fiery_altar_vehumet
D:13:     minmay_the_grid_3x3 [minmay_the_grid_tree,
          minmay_the_grid_minigrid_large, minmay_the_grid_x,
          minmay_the_grid_fan, minmay_the_grid_expand,
          minmay_the_grid_small_cups, minmay_the_grid_embedded,
          minmay_the_grid_doors, minmay_the_grid_prize_four_corners_diamond_a],
          layout_long_grid, david_vaults_1, zin_angel
D:14:     nzn_winding_woodlands_small [nzn_winding_woodlands_5x15_default,
          nzn_winding_woodlands_center_lodge, nzn_winding_woodlands_5x15_cabin],
          layout_basic, ebering_ghost_reflecting_pool, amethyst_killhole,
          uniq_louise
D:15:     grunt_enter_depths_magical_seal, layout_cave_pools, ashenzari_altar_1,
          uniq_jorgrun
Temple:   nicolae_temple_elliptical
Lair:1:   layout_hall_layers
Lair:2:   layout_roguey, hellmonk_ghost_happy_afterlife, lemuel_fruit_tree,
          grunt_megastairs_3
Lair:3:   layout_loops_ring, shoals_dummy_entry, gauntlet_entry_generic
Lair:4:   layout_loops_ring, nicolae_spider_entry_tight_spaces,
          kennysheep_basilisk_garden, infiniplex_staircase_pool_2, uniq_nessos
Lair:5:   layout_loops_ring, dpeg_slime_entry_enclosed_altar
Lair:6:   hangedman_lair_in_review, layout_regular_city,
          gammafunk_ghost_hydra_chop
Shoals:1: layout_shoals, serial_shops, nicolae_shop_window_shopping, shop,
          nicolae_shop_advertising_works [nicolae_subvault_shop_adworks], shop,
          shop
Shoals:2: layout_shoals, serial_shops, nicolae_shop_crystal,
          gammafunk_ghost_wrathful_warriors, nicolae_shoals_drake_roost
Shoals:3: layout_shoals, nicolae_shoals_stone_sculpture_thing
Spider:1: layout_spider_delve, drop_trap, uniq_mlioglotl
Spider:2: layout_spider_delve
Spider:3: layout_spider_delve
Spider:4: spider_rune_water, dreamdust_wasp_nest
Orc:1:    layout_diamond_mine, ebering_ghost_rock_garden
Orc:2:    grunt_orc_cross, layout_caves, serial_shops, shop, shop,
          nicolae_lakefront_shop, uniq_josephine

Skill      XL: |  1  2  3  4  5  6  7  8  9 10 11 12 13 14 15 16 17 |
---------------+----------------------------------------------------+-----
Evocations     | 3 4 5 6 7 9 10 11 | 11.4
Polearms       | 4 5 7 8 |  8.4
Invocations    | 3 5 6 7 8 10 11 12 14 15 | 15.2
Fighting       | 4 5 7 10 12 14 | 14.2
Armour         | 4 5 7 9 11 13 | 13.9
Axes           | 6 9 11 12 14 16 | 16.2
Shields        | 4 9 |  9.0
Throwing       | 7 12 13 | 13.9
Dodging        | |  1.1
Stealth        | |  0.7

Action                   |  1- 3 |  4- 6 |  7- 9 | 10-12 | 13-15 | 16-18 || total
-------------------------+-------+-------+-------+-------+-------+-------++-------
Melee: Dagger            |    46 |       |       |       |       |       ||    46
       Headbutt          |     9 |    20 |    22 |    87 |   144 |   148 ||   430
       Club              |     3 |       |       |       |       |       ||     3
       Halberd           |     3 |   151 |   177 |    21 |       |       ||   352
       War axe           |       |       |       |   345 |   123 |       ||   468
       Broad axe         |       |       |       |       |   644 |   615 ||  1259
       Morningstar       |       |       |       |       |     3 |       ||     3
 Fire: Hunting sling     |       |     5 |       |       |       |       ||     5
Throw: Stone             |    28 |    21 |     6 |       |       |       ||    55
       Dart              |       |       |    11 |    30 |    31 |     9 ||    81
       Boomerang         |       |       |    19 |     9 |   309 |   238 ||   575
       Javelin           |       |       |       |    19 |       |    46 ||    65
Invok: Draw Destruction  |       |     1 |     3 |    24 |    42 |    29 ||    99
       Draw Summoning    |       |       |       |    16 |    14 |    13 ||    43
       Draw Escape       |       |       |       |     4 |       |     9 ||    13
       Deal Four         |       |       |       |       |     2 |     2 ||     4
Evoke: Wand              |    18 |     2 |    46 |    33 |    51 |     9 ||   159
       Phial of floods   |       |       |       |       |     3 |     5 ||     8
       Lightning rod     |       |       |       |       |       |    15 ||    15
  Use: Scroll            |     5 |    10 |     6 |    20 |    16 |    13 ||    70
       Potion            |       |       |       |    10 |     5 |    11 ||    26
 Stab: Paralysed         |       |       |       |     6 |     3 |       ||     9
       Petrified         |       |       |       |     3 |     3 |       ||     6
       Distracted        |       |       |       |     1 |       |     1 ||     2
       Petrifying        |       |       |       |       |     5 |       ||     5
       Invisible         |       |       |       |       |       |     4 ||     4
Armor: Leather armour    |    22 |       |       |       |       |       ||    22
       Chain mail        |       |    86 |       |       |       |       ||    86
       Ring mail         |       |     1 |       |       |       |       ||     1
       Plate armour      |       |    17 |   131 |   363 |   556 |   757 ||  1824
Dodge: Dodged            |    32 |    51 |    48 |   122 |   130 |   195 ||   578
Block: Buckler           |       |       |       |    64 |       |       ||    64
       Kite shield       |       |       |       |    27 |   445 |   445 ||   917

Table legend: (Time is in decaauts)
 A = Elapsed time spent in this place.
 B = Non-inter-level travel time spent in this place.
 C = Inter-level travel time spent in this place.
 D = Time resting spent in this place.
 E = Time spent auto-exploring this place.
 F = Levels seen in this place.
 G = Mean time per level.
                   A        B        C        D        E       F      G
               +--------+--------+--------+--------+--------+-----+--------+
         Total |  48455 |  45671 |   2784 |  19030 |  17752 |  32 | 1514.2 |
       Dungeon |  20333 |  18805 |   1528 |   5766 |   9392 |  15 | 1355.5 |
        Temple |    158 |    140 |     18 |      0 |    124 |   1 |  158.0 |
          Lair |  10881 |  10136 |    745 |   4290 |   4037 |   6 | 1813.5 |
        Shoals |   6148 |   5928 |    220 |   3338 |   1337 |   3 | 2049.3 |
   Spider Nest |   8586 |   8427 |    159 |   4848 |   2095 |   4 | 2146.5 |
  Orcish Mines |   1993 |   1881 |    112 |    784 |    555 |   2 |  996.5 |
         Sewer |    354 |    354 |      0 |      3 |    212 |   1 |  354.0 |
               +--------+--------+--------+--------+--------+-----+--------+

Top non-repeatable levels by time:
  Lair:4: 3397 daAuts
Spider:3: 3349 daAuts
Spider:4: 3231 daAuts
Shoals:1: 3118 daAuts
  Lair:6: 2262 daAuts
Shoals:2: 2223 daAuts
     D:9: 2081 daAuts
    D:13: 2006 daAuts
     D:4: 1989 daAuts
    D:11: 1661 daAuts
  Lair:2: 1625 daAuts
    D:14: 1488 daAuts
    D:10: 1444 daAuts
Spider:1: 1410 daAuts
     D:8: 1348 daAuts
